Map: Alcyone LE

Players

SubN

  • Race: Zerg Zerg
  • League: Diamond
  • Spawn Location: 7:00

Carsoncho - Winner!

  • Race: Zerg Zerg
  • League: Diamond
  • Spawn Location: 1:00

VOD

Have the link to the VOD?

Description

Time

  • Played on: Dec. 22, 2023, 8:15 p.m.
  • Length: 7:58
Show
View Real Time Build Order
Export as new Build Order

SubN Zerg 

Build Orders: Hatch First 

Get SALT Encoding   

  12  0:00  Drone  
  13  0:12  Overlord  
  13  0:17  Drone  
  14  0:30  Drone x2  
  16  0:51  Drone  
  16  0:52  Hatchery  
  16  1:00  Drone  
  16  1:01  Drone  
  18  1:05  Extractor  
  17  1:14  Spawning Pool  
  17  1:17  Drone  
  17  1:19  Drone  
  18  1:28  Drone  
  19  1:38  Drone  
  20  1:51  Overlord  
  20  2:02  Queen  
  20  2:04  Queen  
  24  2:08  Metabolic Boost  
  24  2:10  Drone x2  
  24  2:15  Drone  
  27  2:19  Drone  
  27  2:22  Drone  
  29  2:33  Drone x2  
  31  2:40  Queen  
  33  2:48  Overlord  
  33  2:50  Overlord  
  33  2:58  Spine Crawler  
  32  3:00  Drone x3  
  35  3:07  Overlord  
  35  3:30  Drone x5  
  35  3:32  Extractor  
  39  3:35  Extractor  
  39  3:36  Drone  
  39  3:49  Roach Warren  
  39  3:52  Drone  
  39  3:55  Drone x3  
  42  3:56  Drone x2  
  42  3:58  Overlord  
  42  4:02  Overlord  
  44  4:03  Overlord  
  44  4:18  Drone x3  
  44  4:19  Drone  
  44  4:23  Hatchery  
  47  4:32  Lair  
  47  4:34  Drone x2  
  47  4:35  Drone x2  
  47  4:38  Extractor  
  50  4:39  Drone x2  
  52  4:46  Evolution Chamber  
  51  4:53  Evolution Chamber  
  51  4:56  Drone x7  
  57  5:09  Queen  
  57  5:10  Overlord  
  57  5:13  Overlord  
  59  5:14  Overlord  
  59  5:17  Zerg Missile Weapons Level 1  
  59  5:18  Zerg Ground Armor Level 1  
  59  5:21  Drone x3  
  62  5:25  Extractor  
  62  5:26  Extractor  
  60  5:30  Glial Reconstitution  
  60  5:34  Drone x4  
  64  5:35  Queen  
  64  5:37  Overlord  
  64  5:41  Drone x2  
  64  5:42  Drone  
  69  5:50  Drone x3  
  69  5:52  Drone  
  69  5:54  Drone  
  69  5:55  Drone x2  
  76  6:04  Overlord x4  
  76  6:05  Overlord  
  76  6:21  Drone  
  76  6:22  Drone x2  
  79  6:28  Roach x6  
  79  6:30  Overseer  
  91  6:34  Roach x5  
  101  6:46  Hatchery, Extractor  
  99  6:50  Extractor  
  99  6:52  Roach  
  99  6:53  Roach x7  
  112  7:05  Roach x6  
  112  7:06  Roach x2  
  108  7:17  Roach  
  108  7:18  Roach x3  
  102  7:23  Roach  
  102  7:28  Roach x2  
  100  7:33  Roach x3  
Show
View Real Time Build Order
Export as new Build Order

Carsoncho Zerg - Winner!

Build Orders: Hatch First 

Get SALT Encoding   

  12  0:00  Drone  
  13  0:13  Overlord  
  13  0:18  Drone  
  14  0:31  Drone x2  
  14  0:35  Drone  
  17  0:54  Hatchery  
  16  0:57  Drone  
  17  1:10  Spawning Pool  
  16  1:20  Drone x2  
  16  1:21  Drone  
  19  1:39  Overlord  
  19  1:48  Drone  
  19  1:53  Drone  
  21  1:59  Queen  
  23  2:05  Queen  
  23  2:06  Zergling x4  
  27  2:16  Drone  
  28  2:30  Drone x2  
  28  2:31  Drone  
  31  2:50  Queen  
  33  2:52  Drone x3  
  33  2:56  Extractor  
  35  2:59  Spine Crawler  
  34  3:18  Extractor  
  33  3:20  Drone  
  33  3:21  Drone x2  
  33  3:23  Overlord x2  
  36  3:45  Evolution Chamber  
  35  3:48  Evolution Chamber  
  35  3:54  Roach Warren  
  33  4:06  Drone x3  
  33  4:07  Drone x2  
  38  4:10  Lair  
  38  4:12  Drone x6  
  44  4:20  Zerg Missile Weapons Level 1  
  44  4:40  Overlord  
  44  4:42  Overlord  
  44  4:43  Overlord  
  44  4:53  Overlord x7  
  44  4:54  Overlord  
  44  5:03  Roach x2  
  48  5:08  Drone  
  48  5:12  Extractor  
  48  5:15  Drone x3  
  48  5:16  Drone x2  
  48  5:17  Roach x2  
  48  5:20  Glial Reconstitution  
  57  5:31  Roach  
  57  5:32  Roach  
  61  5:39  Roach  
  61  5:40  Roach  
  67  5:43  Roach x3  
  71  5:55  Roach x2  
  71  5:56  Roach x2  
  79  6:01  Roach x2  
  83  6:16  Drone  
  86  6:18  Roach x6  
  86  6:19  Roach  
  86  6:23  Hatchery  
  97  6:37  Roach x2  
  101  6:55  Roach  
  101  6:56  Roach x5  
  112  7:05  Roach x3  
  111  7:20  Roach  
  111  7:21  Roach x5  
Tags
 
Add a new tag
Caveats
  • Supply blocks, unpowered buildings, or Contaminate may cause inaccurate times.
  • Supply counts are checked every 10 seconds.